Match 45296168
Unlisted

Match 45296168
End
Construct Weapon Support Center
Selects Heavy Weapons
Selects Heavy Weapons
Selects Heavy Weapons
M1919 Machine Gun Team
M1919 Machine Gun Team
Construct Barracks
M1 Mortar Team
Bazooka Squad
Selects Assault Carriers
Air Support Center
M3 Assault Carrier
Grasshopper Recon Run
M1 Mortar Team
Bazooka Squad
Grasshopper Recon Run
Engineer Squad
Improved M9 Bazooka Rockets
Grasshopper Recon Run
Selects M2HB .50cal Heavy Machine Gun
Selects Gallant Stand
Construct Motor Pool
Grasshopper Recon Run
M1 Anti-tank Gun Team
野猪冲撞
RitraXP
산뢰군
th3guardianz
Yukineco
Manstein
SUPER_NOOB
Creation
0
0

Comments sign in to comment!

No comments posted yet!